 Dungeon Crawl Stone Soup version 0.25.0 (webtiles) character file.

Game seed: 9182287015388117578

5486 Peloso the Carver (level 10, -2/74 HPs)
             Began as a Vampire Fighter on June 12, 2020.
             Was a Priest of Okawaru.
             Slain by an orc warrior
             ... wielding a +0 war axe
              (13 damage)
             ... in a bailey.
             The game lasted 00:17:24 (7635 turns).

Peloso the Carver (Vampire Fighter)                 Turns: 7635, Time: 00:17:25

Health: -2/74      AC: 14    Str: 18    XL:     10   Next: 42%
Magic:  11/11      EV:  3    Int: 11    God:    Okawaru [***...]
Gold:   492        SH:  0    Dex: 26    Spells: 9/9 levels left

rFire    . . .     SeeInvis +   a - +0 long sword
rCold    . . .     Gourm    .   c - +0 tower shield
rNeg     . . .     Faith    .   v - +0 plate armour
rPois    .         Spirit   .   (no helmet)
rElec    .         Reflect  .   k - +0 cloak
rCorr    .         Harm     .   (no gloves)
MR       +....                  w - +0 pair of boots
Stlth    ..........             (no amulet)
HPRegen  0.42/turn              m - +6 ring of dexterity
MPRegen  0.12/turn              e - +6 ring of dexterity

@: confused, mighty, regenerating quickly, drained
A: no food, fangs 3, see invisible, unbreathing
a: Exsanguinate, Heroism, Renounce Religion


You were in a bailey.
You worshipped Okawaru.
Okawaru was most pleased with you.
You were alive.

You visited 2 branches of the dungeon, and saw 10 of its levels.
You also visited: Bailey.

You collected 492 gold pieces.

Inventory:

Hand Weapons
 a - a +0 long sword (weapon)
 b - a +2 short sword of venom
 j - the +5 whip of Xom's Outrage {vorpal, rF+ rC+, unknown}
   (You found it on level 4 of the Dungeon)

   It inflicts extra damage upon your enemies.
   It protects you from fire.
   It protects you from cold.
Armour
 c - a +0 tower shield (worn)
 g - a +0 scale mail
 k - a +0 cloak (worn)
 r - a +0 chain mail
 v - a +0 plate armour (worn)
 w - a +0 pair of boots (worn)
Jewellery
 e - a +6 ring of dexterity (right hand)
 h - an uncursed ring of fire
 m - a +6 ring of dexterity (left hand)
 n - an uncursed ring of fire
 p - an uncursed ring of protection from magic
 u - an uncursed ring of resist corrosion {unknown}
Wands
 f - a wand of flame (14)
 y - a wand of disintegration (11)
 A - a wand of random effects (27)
Scrolls
 i - a scroll of enchant armour
 o - 2 scrolls of amnesia
 q - 2 scrolls of teleportation
 x - 2 scrolls of remove curse
Potions
 d - 2 potions of might
 l - 2 potions of resistance
 s - a potion of mutation
 t - 2 potions of cancellation


   Skills:
 + Level 5.2(4.6) Fighting
 + Level 9.4(8.8) Long Blades
 + Level 6.0(5.4) Armour
 + Level 2.3(1.7) Dodging
 + Level 2.8(2.2) Stealth
 + Level 8.5(7.9) Shields
 + Level 1.6(1.0) Invocations
 + Level 0.2(0.0) Evocations


You had 9 spell levels left.
You didn't know any spells.
Your spell library contained the following spells:

 Spells                   Type           Power        Failure   Level  Hunger
 Sting                    Tmut/Pois      #...         100%        1    N/A
 Poisonous Vapours        Pois/Air       #.....       100%        2    N/A
 Ignite Poison            Fire/Tmut/Pois #.......     100%        3    N/A
 Mephitic Cloud           Conj/Pois/Air  #.......     100%        3    N/A
 Olgreb's Toxic Radiance  Pois           #.......     100%        4    N/A

Dungeon Overview and Level Annotations

Branches:
Dungeon (9/15)             Temple (1/1) D:5            Lair (0/6) D:8
    Orc (0/2) D:9          Bailey (1/1)

Altars:
Cheibriados
Elyvilon
Fedhas
Okawaru
Qazlal
Ru
Sif Muna
Uskayaw
Xom
Zin

Portals:
Abyss: D:6

Annotations:
D:6 2 transporters, uberserjio's ghost, novice OpCK


Innate Abilities, Weirdness & Mutations

You do not eat.
Your natural rate of healing is unusually fast.
You have razor-sharp teeth.
You have supernaturally acute eyesight. (SInv)
You can survive without breathing.


Message History

The orc sorcerer hits you but does no damage.
You block the orc warrior's attack.
Unknown command.
You are confused.
You feel invigorated.
The orc sorcerer hits you with a +0 war axe.
* * * LOW HITPOINT WARNING * * *
You bump into the stone wall.
The orc warrior hits you but does no damage.
The orc sorcerer barely misses you.
Unknown command.
You bump into the stone wall.
The orc warrior hits you with a +0 war axe.
* * * LOW HITPOINT WARNING * * *
The orc sorcerer hits you with a +0 war axe.
* * * LOW HITPOINT WARNING * * *
Unknown command.
You bump into the stone wall.
The orc warrior hits you with a +0 war axe!
You die...

#≈≈≈≈≈# #≈≈≈≈≈# #≈≈≈≈≈#
#######+# #≈≈≈≈≈#
#.......# #≈≈≈≈≈#
#.8.8.8.+
#≈≈≈≈≈######.......#
#≈≈≈≈≈≈.#....oo#....#
###.≈≈≈≈≈.#....)@#....#%%
....≈≈≈≈≈.#''#####..g.#..
....≈≈≈≈≈.#.....# ....#..
.)........'.....# o.o.# #
.)........'..⌠..# oo_.#
.)........'.....# ...g#
....≈≈≈≈≈.#.....#
....≈≈≈≈≈.#++####
###.≈≈≈≈≈.#


You could see an orc sorcerer and an orc warrior.

Vanquished Creatures
  A death yak (D:8)
  An unseen horror (D:6)
  An orc sorcerer (Bailey)
  An ugly thing (D:6)
  An elephant (D:8)
  A hippogriff (D:7)
  3 yaks (D:9)
  An orc warrior (Bailey)
  A necrophage (D:9)
  2 sky beasts
  4 phantoms
  5 ogres
  3 centaurs
  2 crocodiles (D:8)
  2 big kobolds
  3 bullfrogs
  3 scorpions
  4 howler monkeys
  2 hounds (D:6)
  An orc priest (D:6)
  3 orc wizards
  Jessica (D:2)
  3 worker ants
  A hound zombie (D:7)
  A gnoll (Bailey)
  9 adders
  A shadow imp (D:4)
  2 oozes (D:1)
  An adder zombie (D:5)
  3 worms
  A dart slug (D:1)
  6 leopard geckos
  15 orcs
  2 ball pythons
  5 bats
  6 giant cockroaches
  3 goblins
  12 hobgoblins
  16 jackals
  6 kobolds
  5 quokkas
  8 frilled lizards
  9 rats
161 creatures vanquished.

Notes
Turn   | Place    | Note
-------+----------+-------------------------------------------
     0 | D:1      | Peloso the Vampire Fighter began the quest for the Orb.
     0 | D:1      | Reached XP level 1. HP: 17/17 MP: 1/1
   310 | D:1      | Reached XP level 2. HP: 23/23 MP: 2/2
   674 | D:1      | Reached XP level 3. HP: 29/29 MP: 3/3
   957 | D:2      | Found a shimmering blue altar of Sif Muna.
  1225 | D:2      | Noticed Jessica
  1239 | D:2      | Killed Jessica
  1239 | D:2      | Reached skill level 3 in Long Blades
  1239 | D:2      | Reached XP level 4. HP: 21/35 MP: 4/4
  1289 | D:2      | Found a snail-covered altar of Cheibriados.
  1314 | D:2      | Found a faded altar of an unknown god.
  2156 | D:3      | Reached XP level 5. HP: 35/41 MP: 5/5
  2493 | D:4      | Noticed a sky beast
  2515 | D:3      | HP: 1/41 [sky beast (5)]
  2522 | D:3      | Killed a sky beast
  2522 | D:3      | Reached skill level 1 in Dodging
  3019 | D:4      | Reached skill level 4 in Long Blades
  3019 | D:4      | Reached XP level 6. HP: 29/47 MP: 6/6
  3024 | D:4      | Got a shimmering whip
  3652 | D:5      | Entered Level 5 of the Dungeon
  3774 | D:5      | Reached XP level 7. HP: 45/52 MP: 7/7
  3837 | D:5      | Reached skill level 5 in Long Blades
  4159 | D:5      | Found a staircase to the Ecumenical Temple.
  4232 | Temple   | Entered the Ecumenical Temple
  4260 | Temple   | Became a worshipper of Warmaster Okawaru
  4351 | D:6      | Found a transporter.
  4352 | D:6      | Noticed an orange demon
  4353 | D:6      | Noticed a small abomination
  4567 | D:6      | Noticed an unseen horror
  4602 | D:6      | Killed an unseen horror
  4602 | D:6      | Reached * piety under Okawaru
  4602 | D:6      | Reached skill level 6 in Long Blades
  4602 | D:6      | Reached skill level 5 in Shields
  4602 | D:6      | Reached XP level 8. HP: 31/60 MP: 8/8
  4682 | D:6      | Reached ** piety under Okawaru
  4700 | D:6      | Noticed a purple ugly thing
  4718 | D:6      | Killed a purple ugly thing
  4718 | D:6      | Reached skill level 7 in Long Blades
  4892 | D:6      | Found a transporter.
  4947 | D:6      | Found a white marble altar of Elyvilon.
  4972 | D:6      | Found a hide-covered altar of Uskayaw.
  5016 | D:6      | Found a one-way gate to the infinite horrors of the Abyss.
  5022 | D:6      | Noticed uberserjio's ghost (novice OpCK)
  5093 | D:6      | Noticed an ancient zyme
  5244 | D:7      | Reached XP level 9. HP: 52/66 MP: 9/9
  5280 | D:7      | Reached skill level 1 in Invocations
  5525 | D:7      | Reached *** piety under Okawaru
  5796 | D:7      | Reached skill level 8 in Long Blades
  5796 | D:7      | Reached skill level 5 in Armour
  5913 | D:7      | Found a sacrificial altar of Ru.
  6358 | D:8      | Found a staircase to the Lair.
  6358 | D:8      | Noticed an elephant
  6358 | D:8      | Noticed a death yak
  6393 | D:8      | Killed a death yak
  6393 | D:8      | Reached skill level 5 in Fighting
  6412 | D:8      | Killed an elephant
  6416 | D:8      | Reached XP level 10. HP: 26/74 MP: 9/11
  6642 | D:8      | Found a blossoming altar of Fedhas.
  6670 | D:8      | Reached skill level 9 in Long Blades
  7377 | D:9      | Found a staircase to the Orcish Mines.
  7437 | D:9      | Received a gift from Okawaru
  7440 | D:9      | Found a flagged portal.
  7503 | Bailey   | Entered a bailey
  7602 | Bailey   | Found an iron altar of Okawaru.
  7602 | Bailey   | Noticed an orc sorcerer
  7602 | Bailey   | Noticed an orc sorcerer
  7611 | Bailey   | Noticed a smoke demon
  7621 | Bailey   | Killed an orc sorcerer
  7621 | Bailey   | Received a gift from Okawaru
  7635 | Bailey   | Slain by an orc warrior

Illustrated notes

Levels and vault maps discovered:
D:1:      nzn_arrival_settlement, layout_loops_corners,
          hangedman_abyss_or_decor_lesser_grid
D:2:      wander_river, layout_loops_ring, cheibriados_altar_1,
          old_standard_altar, chequers_ecumenical_altar_simple_redux,
          uniq_jessica
D:3:      layout_basic, first_ration, moated_statue
D:4:      layout_cave_pods, minmay_pentangle
D:5:      layout_rooms, minmay_temple_entry_enclosed_plants, hex_large
D:6:      layout_basic, kennysheep_mini, eat_drink_and_be_merry_uskayaw,
          gammafunk_ghost_abyssal_escape, minmay_three_doors
D:7:      layout_loops_corners, basic_altar
D:8:      layout_basic, old_standard_altar, david_lair_generic
D:9:      layout_basic, orc_0_dummy, ebering_ghost_gozag, enter_bailey_2
Temple:   minmay_crystal_spiral_temple
Bailey:   bailey_axe_of_yendor_kennysheep, bailey

Skill      XL: |  1  2  3  4  5  6  7  8  9 10 |
---------------+-------------------------------+-----
Fighting       | 3 4 5 |  5.2
Shields        | 3 4 5 6 7 8 |  8.5
Long Blades    | 3 4 6 7 8 9 |  9.4
Armour         | 3 4 5 6 |  6.0
Dodging        | 1 2 |  2.3
Invocations    | 1 |  1.6
Stealth        | 2 |  2.8
Evocations     | |  0.2

Action                   |  1- 3 |  4- 6 |  7- 9 | 10-12 || total
-------------------------+-------+-------+-------+-------++-------
Melee: Long sword        |   113 |   239 |   324 |   150 ||   826
       Bite              |    13 |    30 |    60 |    38 ||   141
Invok: Heroism           |       |       |     4 |     4 ||     8
Evoke: Wand              |       |       |     1 |       ||     1
  Use: Potion            |     2 |     2 |       |     3 ||     7
       Scroll            |     3 |     7 |     2 |     1 ||    13
Armor: Scale mail        |    56 |    65 |       |       ||   121
       Chain mail        |       |    63 |    51 |       ||   114
       Plate armour      |       |       |    62 |    73 ||   135
Dodge: Dodged            |    37 |    41 |    41 |    22 ||   141
Block: Kite shield       |    77 |    84 |       |       ||   161
       Tower shield      |       |    72 |   243 |   162 ||   477
       Rpst.: Long sword |    11 |    16 |    17 |     3 ||    47
